 Dungeon Crawl Stone Soup version 0.31-a0-431-g88bdf31460 (webtiles) character file.

Game seed: 5441851424922148781

24 Arzdou the Ruffian (level 2, -2/21 HPs)
             Began as a Demonspawn Shapeshifter on July 31, 2023.
             Was an Initiate of Yredelemnul.
             Slain by Terence
             ... wielding a +0 short sword
              (5 damage)
             ... on level 2 of the Dungeon.
             The game lasted 00:01:44 (1083 turns).

Arzdou the Ruffian (Demonspawn Shapeshifter)        Turns: 1083, Time: 00:01:45

Health: -2/21      AC:  2    Str: 15    XL:     2   Next: 79%
Magic:  2/2        EV: 12    Int:  9    God:    Yredelemnul [......]
Gold:   87         SH:  0    Dex: 13    Spells: 1/1 levels left

rFire   . .          .
                       - Unarmed
rCold   . . .        (no shield)
rNeg    . . .        a - +0 animal skin
rPois   .            (helmet currently unavailable)
rElec   .            (cloak currently unavailable)
rCorr   .            (gloves currently unavailable)
SInv    .            (boots currently unavailable)
Will    +....        (no amulet)
Stlth   +            i - ring of willpower
HPRegen 0.23/turn    (no ring)
MPRegen 0.08/turn

%: no passive effects
@: beast-form
A: beast (slay +2), powered by pain 1
a: Begin Untransformation, Renounce Religion, Recall Undead Harvest


You were on level 2 of the Dungeon.
You worshipped Yredelemnul.
Yredelemnul was noncommittal.
You were a hulking beast.
You visited 1 branch of the dungeon, and saw 2 of its levels.

You collected 87 gold pieces.

Inventory:

Armour
 a - a +0 animal skin (worn)
Jewellery
 i - a ring of willpower (left hand)
Talismans
 c - a beast talisman (active)
Scrolls
 d - a scroll of fear {unknown}
 h - 2 scrolls of teleportation {unknown}
 j - a scroll of acquirement {unknown}
 l - a scroll of vulnerability {unknown}
Potions
 b - a potion of lignification
 e - a potion of enlightenment {unknown}
 f - 2 potions of curing {unknown}
 g - a potion of degeneration {unknown}
 k - a potion of attraction {unknown}


   Skills:
 + Level 1.6 Fighting
 + Level 2.1 Dodging
 + Level 3.0 Unarmed Combat
 + Level 2.9 Shapeshifting


You had one spell level left.
You didn't know any spells.
Your spell library contained the following spells:

 Spells                   Type           Power      Damage    Failure   Level
 Portal Projectile        Hex/Tloc       0%         N/A       77%         3
 Tukima's Dance           Hex            0%         N/A       77%         3
 Iskenderun's Mystic Bla  Conj/Tloc      0%         2d3       99%         4


Dungeon Overview and Level Annotations

Branches:
Dungeon (2/15)

Altars:
Yredelemnul

Annotations:
D:2 Terence


Innate Abilities, Weirdness & Mutations

You are a hulking beast.
Your limbs bulge with bestial killing power. (Slay +2)
You sometimes gain a little power by taking damage.


Message History

You are too injured to fight recklessly!
You are too injured to fight recklessly!
You are too injured to fight recklessly!
You are too injured to fight recklessly!
You are too injured to fight recklessly!
You are too injured to fight recklessly!
You are too injured to fight recklessly!
You are too injured to fight recklessly!
You are too injured to fight recklessly!
You are too injured to fight recklessly!
You are too injured to fight recklessly!
You are too injured to fight recklessly!
You are too injured to fight recklessly!
You barely miss Terence.
Terence is lightly wounded.
Terence closely misses you.
You hit Terence.
Terence is moderately wounded.
Terence closely misses you.
You hit Terence but do no damage.
Terence is moderately wounded.
Terence hits you with a +0 short sword.
* * * LOW HITPOINT WARNING * * *
You hit Terence but do no damage.
Terence is moderately wounded.
Terence closely misses you.
You hit Terence but do no damage. Your punch misses Terence.
Terence is moderately wounded.
You hit Terence. You punch Terence, but do no damage.
Terence is heavily wounded.
Terence hits you with a +0 short sword.
* * * LOW HITPOINT WARNING * * *
You hit Terence.
Terence is heavily wounded.
Terence barely misses you.
You hit Terence but do no damage.
Terence is heavily wounded.
Terence hits you with a +0 short sword.
You die...
Your body rises from the dead as a mindless zombie.

##### ### ...###..
.K. ..# .. #@# #..
.. #h# #.# ### ...
#Z# #.###.## ...
#Z# #.##...## ..#
#Z###.......##..#.
#....Z............
#............#####
##.######.##.# #
#.# #.##.# # #.#
#.##.# #


You could see Terence (ally target), a kobold, a friendly giant cockroach
zombie, a friendly hobgoblin zombie and a friendly kobold zombie.

Vanquished Creatures
  A dart slug (D:1)
  An endoplasm (D:1)
  A giant cockroach (D:1)
  4 goblins (D:1)
  A hobgoblin (D:2)
  2 quokkas (D:1)
  A ball python (D:2)
  2 bats (D:1)
  A kobold (D:2)
  A rat (D:2)
15 creatures vanquished.

Vanquished Creatures (collateral kills)
  A giant cockroach (D:2)
  2 quokkas (D:1)
  A frilled lizard (D:1)
  A rat (D:1)
5 creatures vanquished.

Vanquished Creatures (others)
  2 bat zombies (D:1)
2 creatures vanquished.

Grand Total: 22 creatures vanquished

Notes
Turn   | Place    | Note
-------+----------+-------------------------------------------
     0 | D:1      | Arzdou the Demonspawn Shapeshifter began the quest for the
                  | Orb.
     0 | D:1      | Reached XP level 1. HP: 15/15 MP: 1/1
    70 | D:1      | Found a faded altar of an unknown god.
   168 | D:1      | Prayed at the altar of an unknown god.
   168 | D:1      | Became a worshipper of Yredelemnul the Dark
   168 | D:1      | Reached * piety under Yredelemnul
   317 | D:1      | Gained mutation: You sometimes gain a little power by
                  | taking damage. [demonic ancestry]
   317 | D:1      | Reached XP level 2. HP: 16/21 MP: 2/2
   487 | D:1      | Reached ** piety under Yredelemnul
  1032 | D:2      | Reached skill level 3 in Unarmed Combat
  1068 | D:2      | Noticed Terence
  1083 | D:2      | Slain by Terence

Illustrated notes

Levels and vault maps discovered:
D:1:      dpeg_arrival_short_road, layout_basic, ebering_ecumenical_altar_rust,
          palyth_stone_intersect
D:2:      layout_loops_ring, amcnicky_mini_rare_corridor_liquid, uniq_terence

Skill      XL: |  1  2 |
---------------+-------+-----
Dodging        | 2 |  2.1
Unarmed Combat | 3 |  3.0
Fighting       | |  1.6
Shapeshifting  | |  2.9

Action                     || total
---------------------------++-------
  Melee: Unarmed           ||    57
         Punch             ||     1
 Armour: Animal skin       ||    11
  Dodge: Dodged            ||    31

Table legend: (Time is in decaauts)
 A = Elapsed time spent in this place.
 B = Non-inter-level travel time spent in this place.
 C = Inter-level travel time spent in this place.
 D = Time resting spent in this place.
 E = Time spent auto-exploring this place.
 F = Levels seen in this place.
 G = Mean time per level.
                   A        B        C        D        E       F      G
               +--------+--------+--------+--------+--------+-----+--------+
         Total |   1078 |   1025 |     53 |      0 |    869 |   2 |  539.0 |
       Dungeon |   1078 |   1025 |     53 |      0 |    869 |   2 |  539.0 |
               +--------+--------+--------+--------+--------+-----+--------+

Top non-repeatable levels by time:
     D:1: 855 daAuts
     D:2: 223 daAuts
